 Dungeon Crawl Stone Soup version 0.29.0-4-gdea44cf6ec (webtiles) character file.

Game seed: 12623785178238793800

63 qw the Chopper (level 4, -4/26 HPs)
             Began as a Tengu Warper on Aug 28, 2022.
             Slain by Sigmund
             ... wielding a +0 scythe
              (11 damage)
             ... on level 2 of the Dungeon.
             The game lasted 00:00:07 (1151 turns).

qw the Chopper (Tengu Warper)                       Turns: 1151, Time: 00:00:07

Health: -4/26      AC:  3    Str: 14    XL:     4   Next: 10%
Magic:  8/8        EV: 12    Int: 13    God:
Gold:   106        SH:  0    Dex: 13    Spells: 7/7 levels left

rFire   . . .      SeeInvis .   Y - +0 hand axe
rCold   . . .      Faith    .   (no shield)
rNeg    . . .      Spirit   .   b - +0 leather armour
rPois   .          Reflect  .   (helmet restricted)
rElec   .          Harm     .   (no cloak)
rCorr   .          Rampage  .   (no gloves)
Will    .....                   (boots unavailable)
Stlth   +.........              (no amulet)
HPRegen 0.08/turn               d - +4 ring of slaying {mikee}
MPRegen 0.11/turn               (no ring)

@: no status effects
A: beak, talons 3
a: no special abilities


You were on level 2 of the Dungeon.
You visited 1 branch of the dungeon, and saw 2 of its levels.

You collected 106 gold pieces.


Innate Abilities, Weirdness & Mutations

You have a beak for a mouth.
You have claws for feet.


   Skills:
 - Level 2.0 Fighting
 + Level 4.7 Axes
 - Level 1.0 Throwing
 - Level 1.1 Armour
 - Level 2.1 Dodging
 - Level 2.0 Spellcasting
 - Level 2.4 Translocations


You had 7 spell levels left.
You didn't know any spells.
Your spell library contained the following spells:

 Spells                   Type           Power      Damage    Failure   Level
 Blink                    Tloc           14%        N/A       19%         2
 Gell's Gravitas          Tloc           7%         N/A       34%         3
 Lesser Beckoning         Tloc           7%         N/A       34%         3
 Teleport Other           Tloc           7%         N/A       34%         3
 Manifold Assault         Tloc           7%         N/A       97%         5

Inventory:

Hand Weapons
 h - a +0 whip
 Y - a +0 hand axe (weapon)
Armour
 b - a +0 leather armour (worn)
Jewellery
 c - a ring of protection from cold
 d - a +4 ring of slaying (left hand) {mikee}
Scrolls
 a - a scroll of teleportation {unknown}

Dungeon Overview and Level Annotations

Branches:
Dungeon (2/15)

Altars:

Annotations:
D:2 Sigmund


Message History

The kobold drinks a potion.
The kobold is healed!
You hit the kobold.
You kill the kobold!
You hit the kobold. Your kick misses the kobold.
The kobold is moderately wounded.
The kobold barely misses you.
You slash the kobold!
You kill the kobold!
You now have 106 gold pieces (gained 11).
There is an open door, spattered with blood here.
Things that are here:
a +0 short sword; 4 stones; a +0 whip A rat comes into view.
Enter note: You hit the rat.
You kill the rat!
Found a stone staircase leading down.
Found 4 stones.
There is a stone staircase leading down here.
You see here 4 stones.
Sigmund the Dreaded comes into view.
He is wielding a +0 scythe.
Sigmund shouts!
You hear a shout!
Sigmund hits you from afar with a +0 scythe!
A goblin comes into view. It is wielding a +0 dagger.
The goblin shouts!
The goblin unwields a +0 dagger.
The goblin wields a +0 sling.
The goblin shoots a sling bullet.
The sling bullet closely misses you.
Sigmund mumbles some strange words.
Sigmund flickers and vanishes!
Deactivating autopickup; reactivate with Ctrl-A.
1129 ||| FLEEEEING.
Something hits you.
You see here 4 stones.
1139 ||| FLEEEEING.
The goblin shoots a sling bullet.
The sling bullet barely misses you.
1140 ||| FLEEEEING.
A magic dart appears from out of thin air!
The magic dart hits you.
You swing at nothing.
Something hits you!
You die...

#....#.#########
#..........##
#..............#
#..........##.#
#####..........#
######.)......#
....)..%.......#
#####..)#######
.####..........# #......##
.# #..........####......#
.#
#..........##........#####
.#
#..........#..#............
.#
#...........@##.....#######
.#
#...........###..........
.# ########g##.#
#....###### ##
####....###.####
##..{........#
#..##....##### #.###....#
#######.# ###### ##...{.{.#


You could see a goblin.

Vanquished Creatures
  3 gnolls (D:2)
  A dart slug (D:1)
  An endoplasm (D:1)
  A giant cockroach (D:1)
  5 goblins (D:1)
  A hobgoblin (D:1)
  4 jackals
  A quokka (D:1)
  2 ball pythons (D:1)
  4 frilled lizards
  5 kobolds
  4 rats
32 creatures vanquished.

Vanquished Creatures (others)
  6 plants (D:1)
6 creatures vanquished.

Grand Total: 38 creatures vanquished

Notes
Turn   | Place    | Note
-------+----------+-------------------------------------------
     0 | D:1      | qw the Tengu Warper began the quest for the Orb.
     0 | D:1      | Reached XP level 1. HP: 12/12 MP: 4/4
     0 | D:1      | 0 ||| qw: Version: 0.1-a-89-g26bdef1
     0 | D:1      | 0 ||| qw: Game counter: 895
     0 | D:1      | 0 ||| qw: Always use a shield: true
     0 | D:1      | 0 ||| qw: God list: Okawaru
     0 | D:1      | 0 ||| qw: Allow faded altars: false
     0 | D:1      | 0 ||| qw: Do Orc after D:15 true
     0 | D:1      | 0 ||| qw: Do second Lair branch before Depths: true
     0 | D:1      | 0 ||| qw: Lair rune preference: random
     0 | D:1      | 0 ||| qw: Plans: Normal
     0 | D:1      | 0 ||| PLANNING D:1-11
    66 | D:1      | 66 ||| Stepping ~*~*~tactically~*~*~ (stealth).
   179 | D:1      | Reached skill level 3 in Axes
   179 | D:1      | Reached XP level 2. HP: 13/17 MP: 6/6
   550 | D:1      | 550 ||| Stepping ~*~*~tactically~*~*~ (stealth).
   762 | D:1      | 762 ||| Stepping ~*~*~tactically~*~*~ (stealth).
   763 | D:1      | 763 ||| Stepping ~*~*~tactically~*~*~ (stealth).
   764 | D:1      | 764 ||| Stepping ~*~*~tactically~*~*~ (stealth).
   768 | D:1      | Reached XP level 3. HP: 21/21 MP: 7/7
   781 | D:1      | 781 ||| DROPPING +0 club.
   848 | D:1      | 848 ||| UPGRADING to +4 ring of slaying {mikee}.
   849 | D:1      | 849 ||| READING scroll labelled MIH YTUZEXTOXT.
   850 | D:1      | 850 ||| DRINKING 2 metallic black potions.
   851 | D:1      | 851 ||| DROPPING scroll of blinking.
   869 | D:2      | 869 ||| STAIRDANCE
   886 | D:2      | Reached skill level 4 in Axes
   887 | D:2      | HP: 3/21 [gnoll/+0 whip (5)]
   888 | D:2      | 888 ||| DRINKING potion of heal wounds.
   892 | D:2      | Reached XP level 4. HP: 14/26 MP: 8/8
  1126 | D:2      | Noticed Sigmund
  1129 | D:2      | 1129 ||| FLEEEEING.
  1139 | D:2      | 1139 ||| FLEEEEING.
  1140 | D:2      | 1140 ||| FLEEEEING.
  1142 | D:2      | HP: 6/26 [something/magic dart (5)]
  1151 | D:2      | Slain by Sigmund

Levels and vault maps discovered:
D:1:      eino_arrival_water_cross, layout_loops_ring
D:2:      layout_basic, uniq_sigmund

Skill      XL: |  1  2  3 |
---------------+----------+-----
Axes           | 3 4 |  4.7
Fighting       | |  2.0
Throwing       | |  1.0
Armour         | |  1.1
Dodging        | |  2.1
Spellcasting   | |  2.0
Translocations | |  2.4

Action                   |  1- 3 |  4- 6 || total
-------------------------+-------+-------++-------
Melee: Hand axe          |    47 |     9 ||    56
       Peck              |     4 |     1 ||     5
       Kick              |    14 |     1 ||    15
       Punch             |     1 |       ||     1
Throw: Boomerang         |     7 |       ||     7
  Use: Potion            |     2 |       ||     2
       Scroll            |     1 |       ||     1
Armor: Leather armour    |    12 |       ||    12
Dodge: Dodged            |    31 |     5 ||    36

Table legend:
 A = Non-vault XP
 B = Vault XP
 C = Vault XP percentage of total XP
 D = Non-vault monster count
 E = Vault monster count
 F = Vault count percentage of total count
                 A         B        C        D         E       F
            +---------+---------+-------+---------+---------+-------
      Total |      91 |       0 |   0.0 |      32 |       0 |   0.0
            +---------+---------+-------+---------+---------+-------
        D:1 |      38 |       0 |   0.0 |      22 |       0 |   0.0
        D:2 |      53 |       0 |   0.0 |      10 |       0 |   0.0
            +---------+---------+-------+---------+---------+-------
